Map: Tours du crépuscule

Players

nasa

  • Race: Protoss Protoss
  • Spawn Location: 7:00

zidar - Winner!

  • Race: Zerg Zerg
  • League: Gold
  • Spawn Location: 1:00

VOD

Have the link to the VOD?

Description

Time

  • Played on: May 17, 2016, 11:54 a.m.
  • Length: 15:34
Show
View Real Time Build Order
Export as new Build Order

nasa Protoss 

Build Orders:  

Get SALT Encoding   

  12  0:01  Probe (Chrono Boost)  
  13  0:18  Pylon  
  13  0:20  Probe (Chrono Boost)  
  14  0:30  Probe (Chrono Boost)  
  15  0:39  Gateway  
  15  0:47  Gateway  
  15  0:51  Probe (Chrono Boost)  
  16  1:00  Assimilator  
  16  1:02  Probe (Chrono Boost)  
  17  1:12  Probe (Chrono Boost)  
  18  1:19  Pylon  
  18  1:23  Probe (Chrono Boost)  
  19  1:26  Zealot (Chrono Boost)  
  21  1:42  Probe  
  22  1:54  Probe  
  22  1:57  Zealot (Chrono Boost)  
  25  2:05  Cybernetics Core  
  25  2:06  Probe  
  26  2:13  Assimilator  
  26  2:31  Nexus  
  26  2:35  Probe  
  27  2:49  Probe  
  28  2:51  Warp Gate (Chrono Boost)  
  28  3:09  Probe  
  29  3:13  Stalker  
  29  3:17  Pylon  
  31  3:30  Robotics Facility  
  31  3:33  Pylon  
  31  3:35  Probe, Stalker  
  34  3:44  Probe  
  34  3:45  Gateway  
  34  3:46  Gateway  
  35  3:55  Probe  
  36  4:01  Stalker  
  38  4:07  Mothership Core  
  40  4:12  Probe, Pylon  
  41  4:21  Stalker  
  43  4:40  Immortal  
  43  4:41  Probe  
  43  4:42  Probe  
  48  5:01  Stalker x3  
  54  5:19  Stalker  
  56  5:26  Immortal (Chrono Boost)  
  60  5:33  Probe  
  60  5:34  Probe  
  62  5:39  Gateway  
  62  5:40  Gateway  
  62  5:47  Probe  
  62  5:49  Probe, Forge  
  66  6:04  Warp Prism (Chrono Boost)  
  64  6:35  Robotics Bay  
  64  6:36  Immortal (Chrono Boost)  
  64  6:39  Robotics Facility  
  68  6:49  Probe  
  68  6:51  Probe  
  68  6:52  Twilight Council  
  70  6:54  Assimilator  
  70  7:10  Protoss Ground Weapons Level 1, Pylon  
  70  7:12  Pylon  
  70  7:13  Photon Cannon  
  70  7:17  Gateway  
  70  7:19  Gateway  
  70  7:27  Probe  
  70  7:28  Probe  
  70  7:29  Observer (Chrono Boost)  
  73  7:40  Probe  
  73  7:43  Stalker x2  
  78  7:44  Stalker x2  
  78  7:47  Pylon  
  78  7:49  Pylon  
  78  7:51  Pylon  
  82  8:04  Pylon  
  82  8:06  Pylon  
  82  8:08  Pylon  
  82  8:09  Assimilator  
  82  8:15  Probe  
  83  8:22  Colossus (Chrono Boost)  
  89  8:36  Extended Thermal Lance (Chrono Boost)  
  89  8:44  Probe  
  89  8:46  Probe  
  91  8:51  Nexus  
  91  8:52  Sentry  
  92  9:11  Colossus  
  98  9:21  Probe, Blink  
  98  9:23  Probe  
  100  9:30  Assimilator  
  100  9:35  Assimilator  
  100  9:36  Probe  
  100  9:37  Probe  
  102  9:43  Stalker x4  
  102  9:44  Stalker  
  112  9:53  Pylon  
  112  10:03  Probe x2  
  112  10:04  Probe  
  115  10:07  Gateway  
  115  10:08  Gateway  
  115  10:10  Gateway  
  115  10:22  Probe  
  115  10:23  Probe  
  115  10:24  Probe  
  118  10:29  Pylon  
  118  10:31  Pylon  
  118  10:33  Stalker x3  
  124  10:36  Sentry x2  
  128  10:47  Immortal  
  132  10:56  Probe x2  
  132  10:58  Probe  
  135  11:15  Protoss Ground Weapons Level 2 (Chrono Boost)  
  135  11:21  Immortal  
  135  11:24  Stalker x3  
  135  11:25  Stalker x2  
  149  11:39  Observer  
  150  11:57  Probe x2  
  150  11:59  Probe  
  150  12:00  Observer  
  154  12:18  Pylon  
  154  12:19  Pylon  
  154  12:22  Forge  
  154  12:24  Forge  
  154  12:25  Stalker x5  
  154  12:26  Stalker x4  
  172  12:58  Stalker x3  
  176  12:59  Sentry x3  
  176  13:00  Sentry x2  
  176  13:05  Pylon  
  188  13:06  Pylon  
  188  13:08  Pylon  
  188  13:25  Nexus  
  176  13:27  Pylon  
  176  13:34  Stalker x5  
  157  13:35  Stalker x3  
  71  14:01  Stalker x5  
  71  14:02  Stalker x2  
  77  14:34  Stalker x3  
  77  14:35  Stalker x5  
  86  14:55  Stalker  
  86  14:56  Stalker x2  
  68  15:14  Stalker x4  
  63  15:15  Stalker x2  
Show
View Real Time Build Order
Export as new Build Order

zidar Zerg - Winner!

Build Orders: Pool First, Brood Lord Corruptor 

Get SALT Encoding   

  12  0:01  Drone  
  13  0:12  Overlord  
  13  0:17  Drone  
  14  0:30  Drone x2  
  14  0:34  Drone  
  17  0:47  Spawning Pool  
  17  0:49  Drone  
  17  1:13  Hatchery  
  16  1:22  Extractor, Drone  
  16  1:23  Drone  
  17  1:29  Drone  
  18  1:44  Queen  
  18  1:45  Overlord  
  20  1:50  Drone  
  20  2:10  Drone x2  
  22  2:18  Overlord  
  22  2:20  Queen  
  24  2:30  Metabolic Boost  
  24  2:38  Zergling x4  
  26  2:46  Roach Warren  
  25  2:52  Extractor  
  24  3:18  Drone x4  
  28  3:21  Hatchery  
  27  3:45  Drone x7  
  34  3:54  Lair  
  34  4:25  Overlord x3  
  34  4:37  Queen  
  36  4:45  Roach x7  
  50  5:03  Roach x5  
  60  5:07  Overlord  
  59  5:26  Zergling x16  
  67  5:30  Ravager x3  
  67  5:31  Ravager  
  71  5:47  Roach, Spine Crawler  
  72  5:50  Overlord x2  
  72  6:03  Spine Crawler  
  68  6:22  Roach  
  68  6:23  Roach x6  
  68  6:24  Zergling x2  
  83  6:49  Drone x2  
  83  6:50  Drone x4  
  83  6:53  Overlord x2  
  89  7:04  Overseer  
  89  7:12  Spire  
  86  7:48  Hydralisk Den  
  85  7:52  Drone x11  
  85  7:53  Drone x3  
  99  8:13  Evolution Chamber  
  99  8:15  Evolution Chamber  
  97  8:37  Infestation Pit  
  96  8:41  Extractor  
  96  8:46  Extractor  
  93  8:50  Zerg Ground Armor Level 1  
  93  8:51  Zerg Melee Weapons Level 1  
  93  9:08  Pneumatized Carapace  
  93  9:09  Hatchery  
  92  9:13  Corruptor  
  92  9:14  Corruptor x2  
  98  9:24  Overlord x4  
  98  9:25  Overlord x2  
  98  9:52  Hive  
  98  10:14  Extractor  
  97  10:15  Extractor  
  97  10:16  Drone x11  
  97  10:19  Drone x3  
  110  10:45  Zerg Melee Weapons Level 2  
  110  10:46  Zerg Ground Armor Level 2  
  110  11:07  Drone x7  
  117  11:14  Extractor  
  117  11:15  Extractor  
  115  11:26  Greater Spire  
  115  11:30  Adrenal Glands  
  115  11:33  Zergling x2  
  115  11:34  Zergling x22  
  115  11:35  Zergling x10  
  115  11:36  Zergling x8  
  125  12:10  Corruptor x2  
  125  12:11  Corruptor x3  
  125  12:12  Corruptor x2  
  139  12:21  Overseer x2  
  139  12:29  Hatchery  
  138  12:34  Overlord x5  
  137  12:40  Brood Lord  
  137  12:41  Brood Lord x2  
  143  12:49  Brood Lord  
  143  12:50  Brood Lord x2  
  149  13:09  Zergling x2  
  149  13:10  Zergling x34  
  95  14:02  Zergling x4  
  97  14:03  Zergling x32  
  113  14:14  Brood Lord  
  113  14:15  Brood Lord x2  
Tags
 
Add a new tag
Caveats
  • Supply blocks, unpowered buildings, or Contaminate may cause inaccurate times.
  • Supply counts are checked every 10 seconds.